 Dungeon Crawl Stone Soup version 0.25-a0-545-ge4db218afc (webtiles) character file.

Game seed: 11118669132556578262, levelgen mode: deterministic

1633 Emblim88 the Skirmisher (level 8, 0/70 HPs)
             Began as a Minotaur Abyssal Knight on Feb 21, 2020.
             Was an Elder of Lugonu.
             Slain by a two-headed ogre
             ... wielding a +0 giant club
              (29 damage)
             ... on level 7 of the Dungeon.
             The game lasted 00:11:01 (6410 turns).

Emblim88 the Skirmisher (Minotaur Abyssal Knight)   Turns: 6410, Time: 00:11:02

Health: 0/70       AC: 13    Str: 20    XL:     8   Next: 66%
Magic:  11/11      EV:  9    Int:  9    God:    Lugonu [****..]
Gold:   345        SH:  0    Dex:  9    Spells: 7/7 levels left

rFire    . . .     SeeInvis .   a - +1 falchion
rCold    . . .     Gourm    .   (no shield)
rNeg     . . .     Faith    .   e - +0 chain mail
rPois    +         Spirit   .   (helmet restricted)
rElec    .         Reflect  .   C - +1 cloak
rCorr    .         Harm     .   q - +0 pair of gloves (curse)
MR       .....                  (no boots)
Stlth    ..........             w - amulet of magic regeneration
HPRegen  0.21/turn              j - ring of poison resistance
MPRegen  0.37/turn              h - ring of flight

@: no status effects
A: retaliatory headbutt, horns 2
a: Depart the Abyss, Bend Space, Banish, Corrupt, Renounce Religion, Evoke
Flight


You were on level 7 of the Dungeon.
You worshipped Lugonu.
Lugonu was greatly pleased with you.
You were not hungry.

You visited 1 branch of the dungeon, and saw 7 of its levels.
You visited the Abyss 1 time.

You collected 345 gold pieces.

Inventory:

Hand Weapons
 a - a +1 falchion (weapon)
Missiles
 d - 182 stones
 p - 15 poisoned darts (quivered)
Armour
 e - a +0 chain mail (worn)
 q - a cursed +0 pair of gloves (worn)
 C - a +1 cloak (worn)
Jewellery
 h - a ring of flight (right hand)
 j - a ring of poison resistance (left hand)
 w - an amulet of magic regeneration (around neck)
Wands
 b - a wand of acid (1)
 n - a wand of digging (4)
Scrolls
 g - 6 scrolls of remove curse
 k - 3 scrolls of identify {unknown}
 l - 2 scrolls of random uselessness {unknown}
 m - 5 scrolls of teleportation {unknown}
 o - a scroll of enchant weapon {unknown}
 u - 3 scrolls of magic mapping {unknown}
 x - a scroll of noise {unknown}
 y - 3 scrolls of fear {unknown}
Potions
 f - a potion of curing
 i - a potion of mutation {unknown}
 r - 2 potions of brilliance {unknown}
 s - a potion of flight
 t - 2 potions of invisibility {unknown}
 v - a potion of heal wounds
 z - a potion of lignification {unknown}
 A - a potion of ambrosia {unknown}
 B - a potion of stabbing
 E - a potion of haste {unknown}
Comestibles
 c - 10 rations
 D - 7 chunks of flesh


   Skills:
 + Level 6.3 Fighting
 + Level 5.7 Long Blades
 + Level 5.5 Armour
 + Level 4.6 Dodging
 * Level 5.9 Invocations
 + Level 3.2 Evocations


You had 7 spell levels left.
You didn't know any spells.
Your spell library contained the following spells:

 Spells                   Type           Power        Failure   Level  Hunger
 Corona                   Hex            #......      98%         1    ##.....
 Ensorcelled Hibernation  Hex/Ice        #.....       99%         2    ###....
 Confusing Touch          Hex            #.......     100%        3    ####...
 Dazzling Flash           Conj/Hex       #.....       100%        3    ####...
 Tukima's Dance           Hex            #.......     100%        3    ####...


Dungeon Overview and Level Annotations

Branches:
Dungeon (7/15)             Temple (0/1) D:4

Altars:
Cheibriados
Dithmenos
Sif Muna
Uskayaw
Wu Jian
Xom


Innate Abilities, Weirdness & Mutations

You reflexively headbutt those who attack you in melee.
You have a pair of horns on your head.


Message History

Evoke which item? (* to show all) (? for menu, Esc to quit)
Aiming: Corrosive Bolt
Press: ? - help, Shift-Dir - straight line, f/p - two-headed ogre
Aim: a two-headed ogre, wielding two +0 giant clubs (heavily wounded)
The bolt of acid hits the two-headed ogre!
The two-headed ogre is splashed with acid.
The two-headed ogre is almost dead.
The bolt of acid hits the killer bee!
The killer bee is splashed with acid.
The acid corrodes the killer bee!
You kill the killer bee!
Lugonu accepts your kill.
You hit the two-headed ogre.
The two-headed ogre is almost dead.
The two-headed ogre hits you with a +0 giant club!
The two-headed ogre hits you with a +0 giant club.
You hit the two-headed ogre.
Your headbutt misses the two-headed ogre.
The two-headed ogre is almost dead.
The two-headed ogre hits you with a +0 giant club!!
You die...

.........# #..# #
##.## #..# .#
#...###..####.#####
#..#.†...............
#.#...###.....#...
#.##.####.###†# # #.#
#..÷##.# ......#÷..O#
.....#...#.@#
........)##..#
........####...##
##.#..... #.....#
..###.# ##...## #.#
#.# ##..######
#.###.######.........
#..#...........#####.
#................#


You could see a two-headed ogre.

Vanquished Creatures
  Edmund (D:6)
  An orc warrior (D:6)
  An ice beast (D:5)
  A sky beast (D:5)
  A centaur (D:6)
  3 bullfrogs
  2 scorpions
  3 killer bees (D:7)
  3 wights (D:6)
  A centaur zombie (D:6)
  2 orc wizards
  A bullfrog zombie (D:6)
  3 orc priests
  An iguana (D:5)
  A jelly (D:6)
  A worker ant (D:5)
  A howler monkey zombie (D:5)
  4 gnolls (D:2)
  11 adders
  A shadow imp (D:6)
  2 oozes
  2 adder skeletons (D:4)
  5 worms
  2 dart slugs (D:2)
  6 leopard geckos
  14 orcs
  A ball python (D:2)
  8 bats
  2 giant cockroaches
  8 goblins
  8 hobgoblins
  20 jackals
  2 quokkas
  10 frilled lizards
  13 kobolds
  A leopard gecko skeleton (D:4)
  A leopard gecko zombie (D:5)
  A quokka zombie (D:5)
  6 rats
155 creatures vanquished.

Vanquished Creatures (others)
  2 plants
2 creatures vanquished.

Grand Total: 157 creatures vanquished

Notes
Turn   | Place    | Note
-------+----------+-------------------------------------------
     0 | Abyss:1  | Emblim88 the Minotaur Abyssal Knight began the quest for
                  | the Orb.
     0 | Abyss:1  | Reached XP level 1. HP: 19/19 MP: 1/1
    35 | Abyss:1  | Found a sparkling altar of Nemelex Xobeh.
    51 | Abyss:1  | Noticed a necromancer
    51 | Abyss:1  | Noticed a small abomination
    66 | D:1      | Escaped the Abyss
   198 | D:1      | Reached * piety under Lugonu
   198 | D:1      | Reached XP level 2. HP: 27/27 MP: 2/2
   659 | D:2      | Found a shimmering blue altar of Sif Muna.
   659 | D:2      | Found a hide-covered altar of Uskayaw.
   660 | D:2      | Found a shimmering altar of Xom.
   687 | D:2      | Found a snail-covered altar of Cheibriados.
   688 | D:2      | Reached skill level 4 in Fighting
   696 | D:2      | Reached XP level 3. HP: 33/33 MP: 3/3
   768 | D:2      | Reached XP level 4. HP: 21/40 MP: 4/4
  1096 | D:2      | Reached ** piety under Lugonu
  1281 | D:2      | Reached XP level 5. HP: 44/47 MP: 6/6
  1724 | D:3      | Reached *** piety under Lugonu
  2410 | D:4      | Reached skill level 1 in Evocations
  2416 | D:4      | Reached XP level 6. HP: 29/53 MP: 7/7
  3253 | D:4      | Found a staircase to the Ecumenical Temple.
  3402 | D:5      | Entered Level 5 of the Dungeon
  3446 | D:5      | Found a shadowy altar of Dithmenos.
  3450 | D:5      | Noticed an ice beast
  3458 | D:5      | Killed an ice beast
  3458 | D:5      | Reached skill level 5 in Fighting
  3882 | D:5      | Noticed a sky beast
  3895 | D:5      | Killed a sky beast
  3895 | D:5      | Reached XP level 7. HP: 38/61 MP: 7/9
  5277 | D:6      | Noticed Edmund
  5307 | D:6      | Reached **** piety under Lugonu
  5319 | D:6      | Killed Edmund
  5319 | D:6      | Reached skill level 5 in Long Blades
  5319 | D:6      | Reached skill level 5 in Invocations
  5319 | D:6      | Reached XP level 8. HP: 38/70 MP: 10/10
  5618 | D:6      | Reached skill level 5 in Armour
  5634 | D:6      | Found an ornate altar of the Wu Jian Council.
  5974 | D:6      | Reached skill level 6 in Fighting
  6380 | D:7      | Noticed a two-headed ogre
  6410 | D:7      | Slain by a two-headed ogre

Levels and vault maps discovered:
D:1:      eino_arrival_water_cross, layout_basic, serial_curves, eino_curves_02,
          eino_curves_03, minivault_5
D:2:      layout_rooms, nicolae_overflow_quartered_altars,
          lexackson_kobold_supper
D:3:      layout_loops_ring, serial_bayou, serial_bayou_lake_a,
          serial_bayou_crossing, serial_bayou_pond_c, serial_bayou_ford_a,
          serial_bayou_pond_e
D:4:      layout_basic, minmay_temple_entry_waves, first_ration, chequers_garden
D:5:      layout_basic, st_stairs_1, grunt_dithmenos_smoke_and_mirrors
D:6:      layout_basic, lemuel_round_altar, minmay_misc_feat_roman,
          lightli_orcish_oven, uniq_edmund
D:7:      layout_loops_ring, lightli_temple_of_fire

Skill      XL: |  1  2  3  4  5  6  7  8 |
---------------+-------------------------+-----
Invocations    | 2 3 4 5 |  5.9
Fighting       | 4 5 6 |  6.3
Long Blades    | 3 4 5 |  5.7
Armour         | 3 4 5 |  5.5
Dodging        | 2 3 4 |  4.6
Evocations     | 1 2 3 |  3.2

Action                   |  1- 3 |  4- 6 |  7- 9 || total
-------------------------+-------+-------+-------++-------
Melee: Falchion          |    51 |   236 |   170 ||   457
       Headbutt          |    12 |    32 |    34 ||    78
Throw: Dart              |       |     3 |       ||     3
Invok: Depart the Abyss  |     1 |       |       ||     1
Evoke: Wand              |       |       |     5 ||     5
  Use: Scroll            |     1 |       |       ||     1
       Potion            |       |     2 |     2 ||     4
  Eat: Chunk             |       |    10 |     8 ||    18
Armor: Leather armour    |     2 |    52 |       ||    54
       Chain mail        |       |    37 |    96 ||   133
Dodge: Dodged            |    55 |   155 |    66 ||   276
       Rpst.: Falchion   |    19 |    44 |    24 ||    87

Table legend:
 A = Non-vault XP
 B = Vault XP
 C = Vault XP percentage of total XP
 D = Non-vault monster count
 E = Vault monster count
 F = Vault count percentage of total count
                 A         B        C        D         E       F
            +---------+---------+-------+---------+---------+-------
      Total |    1920 |     414 |  17.7 |     137 |      18 |  11.6
            +---------+---------+-------+---------+---------+-------
        D:1 |      34 |       0 |   0.0 |      21 |       0 |   0.0
        D:2 |     156 |      17 |   9.8 |      35 |       8 |  18.6
        D:3 |     109 |       0 |   0.0 |      33 |       0 |   0.0
        D:4 |     178 |       0 |   0.0 |      16 |       0 |   0.0
        D:5 |     450 |      74 |  14.1 |      12 |       3 |  20.0
        D:6 |     629 |     323 |  33.9 |      13 |       7 |  35.0
        D:7 |     364 |       0 |   0.0 |       7 |       0 |   0.0
            +---------+---------+-------+---------+---------+-------
